 Dungeon Crawl Stone Soup version 0.20-a0-201-g851c6fa (webtiles) character file.

25 patrickswayze the Sneak (level 2, -2/27 HPs)
             Began as a Deep Elf Chaos Knight on Nov 25, 2016.
             Slain by a hobgoblin
             ... wielding a +0 club
             ... led by Robin
              (3 damage)
             ... on level 2 of the Dungeon.
             The game lasted 00:01:09 (1209 turns).

patrickswayze the Sneak (Deep Elf Chaos Knight)     Turns: 1209, Time: 00:01:10

Health: -2/27      AC: 21    Str:  9    XL:     2   Next: 82%
Magic:  4/4        EV:  2    Int: 16    God:    Xom [.*....]
Gold:   33         SH:  0    Dex: 14    Spells: 1/1 levels left

rFire  . . .     SeeInvis .     a - +0 short sword (chaos)
rCold  . . .     Gourm    .     (armour currently unavailable)
rNeg   + + +     Faith    .     (no shield)
rPois  +         Spirit   .     (helmet currently unavailable)
rElec  .         Reflect  .     (cloak currently unavailable)
rCorr  .         Harm     .     (gloves currently unavailable)
MR     .....     NoTele   +     (boots currently unavailable)
Stlth  ++........               (no amulet)
                                (no ring)
                                (no ring)

@: tree-form
A: no striking features
a: Renounce Religion


You were on level 2 of the Dungeon.
You worshipped Xom.
You were a plaything of Xom.
You were hungry.
You were a tree.
You visited 1 branch of the dungeon, and saw 2 of its levels.

You collected 33 gold pieces.


   Skills:
 - Level 2.4 Fighting
 - Level 3.0 Short Blades
 - Level 0.7 Armour
 - Level 2.4 Dodging
 + Level 3.4 Stealth


You had one spell level left.
You didn't know any spells.

Inventory:

Hand Weapons
 a - a +0 short sword of chaos (weapon)
Missiles
 i - 12 stones (quivered)
Armour
 b - a +2 leather armour (melded)
 h - a +0 helmet
Jewellery
 d - an uncursed amulet of guardian spirit {unknown}
 j - a cursed -4 ring of protection {unknown}
 l - a cursed -3 ring of evasion {unknown}
Scrolls
 e - 3 scrolls of blinking {unknown}
 f - 2 scrolls of enchant weapon {unknown}
 m - a scroll of remove curse {unknown}
Comestibles
 c - 2 bread rations
 g - a beef jerky


Message History

Robin roars a battlecry!
The goblins go into a battle-frenzy!
Something hits you but does no damage. x2
The giant cockroach moves out of view.
You hit something.
Waves of light ripple in the air.
Something hits you but does no damage. Something hits you.
* * * LOW HITPOINT WARNING * * *
You closely miss something. Something hits you.
* * * LOW HITPOINT WARNING * * *
It was a potion of lignification.
You turn into a tree.
Your +2 leather armour melds into your body.
Your roots penetrate the ground.
Something hits you but does no damage. x2
Robin's horned helmet rattles.
You hit something.
Reactivating autopickup.
You feel a bit more experienced. Something hits you but does no damage.
Deactivating autopickup; reactivate with Ctrl-A.
You miss something. Something hits you.
You die...
Xom laughs nastily!

#..####....#
#..##....#..#
#####..#....###.#
..................
..........####.....
...)###..## .....
.. #.## ..# #%# #7#
#{# #g#


#gg ggg# ..## #### You could see Robin, 2 hobgoblins and 3 goblins.

Vanquished Creatures
  A dart slug (D:1)
  A leopard gecko (D:1)
  A ball python (D:1)
  A bat (D:1)
  2 giant cockroaches (D:1)
  4 goblins (D:2)
  4 hobgoblins (D:1)
  A frilled lizard (D:1)
  2 kobolds
  A rat (D:1)
18 creatures vanquished.

Notes
Turn   | Place    | Note
-------+----------+-------------------------------------------
     0 | D:1      | patrickswayze the Deep Elf Chaos Knight began the quest for the Orb.
     0 | D:1      | Reached XP level 1. HP: 13/13 MP: 3/3
    28 | D:1      | Reached skill level 1 in Stealth
   370 | D:1      | Reached XP level 2. HP: 18/18 MP: 4/4
   377 | D:1      | XOM: harmless Tmut miscast
   461 | D:1      | XOM: mild Summ miscast
   483 | D:1      | XOM: mild Divn miscast
   556 | D:1      | XOM: scenery: 1 doors close
   732 | D:1      | Reached skill level 3 in Stealth
   816 | D:1      | XOM: harmless Hex miscast
   877 | D:1      | XOM: mild Summ miscast
  1202 | D:2      | Noticed Robin
  1205 | D:2      | HP: 3/18 [something (3)]
  1206 | D:2      | HP: 1/18 [something (2)]
  1209 | D:2      | Slain by a hobgoblin

Vault maps used:
D:1:      dpeg_arrival_rooms_a, dk_noncrumbling_3, nrook_loot_triangle,
          minmay_tetromino_s2
D:2:      uniq_jessica, uniq_sigmund, uniq_robin

Action                   || total
-------------------------++-------
Melee: Short sword       ||    59
  Use: Potion            ||     1
 Stab: Sleeping          ||     3
       Paralysed         ||     1
Armor: Leather armour    ||    11
       Skin              ||     3
Dodge: Dodged            ||    27
